 Dungeon Crawl Stone Soup version 0.22.0-49-gab54619674 (webtiles) character file.

585 JedernureinKreuz the Conjurer (level 7, -4/51 HPs)
             Began as a Gnoll Conjurer on Sept 8, 2018.
             Was an Initiate of Sif Muna.
             Splashed by Ijyb's acid (10 damage)
             ... on level 4 of the Dungeon.
             The game lasted 00:25:05 (4023 turns).

JedernureinKreuz the Conjurer (Gnoll Conjurer)      Turns: 4023, Time: 00:25:05

Health: -4/51      AC:  0    Str: 10    XL:     7   Next: 37%
Magic:  5/15       EV: 12    Int: 20    God:    Sif Muna [......]
Gold:   299        SH:  8    Dex: 15    Spells: 9/17 levels left

rFire    . . .     SeeInvis .   a - +1 short sword
rCold    + . .     Gourm    .   n - +0 shield
rNeg     . . .     Faith    .   s - +1 leather armour
rPois    .         Spirit   .   (no helmet)
rElec    .         Reflect  .   o - scarf {repulsion}
rCorr    .         Harm     .   (no gloves)
MR       .....                  (no boots)
Stlth    +++.......             (no amulet)
HPRegen  0.17/turn              j - +2 ring of slaying
MPRegen  0.14/turn              m - ring of protection from cold

@: corroded, very slightly contaminated, repel missiles
A: distributed training, fangs 1, strong nose
a: Renounce Religion


You were on level 4 of the Dungeon.
You worshipped Sif Muna.
Sif Muna was noncommittal.
You were not hungry.

You visited 1 branch of the dungeon, and saw 5 of its levels.

You collected 299 gold pieces.

Inventory:

Hand Weapons
 a - a +1 short sword (weapon)
 b - a +0 hunting sling
 f - a +0 club
 l - a +0 spear
 A - a +3 dire flail of holy wrath
Missiles
 e - 41 sling bullets
 i - 124 stones (quivered)
 q - 14 arrows
Armour
 g - a +0 robe
 n - a +0 shield (worn)
 o - a scarf of repulsion (worn)
 s - a +1 leather armour (worn)
Jewellery
 j - a +2 ring of slaying (left hand)
 m - a ring of protection from cold (right hand)
 t - an uncursed ring of flight
Wands
 r - a wand of polymorph (14)
 v - a wand of flame (24)
Scrolls
 k - a scroll of identify
Potions
 d - 2 potions of heal wounds {unknown}
 h - a potion of mutation {unknown}
 u - 2 potions of haste {unknown}
 x - a potion of curing {unknown}
 z - a potion of magic {unknown}
 D - a potion of resistance {unknown}
Comestibles
 c - 4 rations


   Skills:
 + Level 2.4 Fighting
 + Level 2.4 Short Blades
 + Level 2.4 Long Blades
 + Level 2.4 Axes
 + Level 2.4 Maces & Flails
 + Level 2.4 Polearms
 + Level 2.4 Staves
 + Level 2.4 Slings
 + Level 2.4 Bows
 + Level 2.4 Crossbows
 + Level 2.4 Throwing
 + Level 2.4 Armour
 + Level 5.2 Dodging
 + Level 4.8 Stealth
 + Level 2.4 Shields
 + Level 2.4 Unarmed Combat
 + Level 5.6 Spellcasting
 + Level 7.4 Conjurations
 + Level 2.0 Hexes
 + Level 2.0 Charms
 + Level 2.0 Summonings
 + Level 2.0 Necromancy
 + Level 2.0 Translocations
 + Level 2.0 Transmutations
 + Level 2.0 Fire Magic
 + Level 2.0 Ice Magic
 + Level 2.0 Air Magic
 + Level 2.0 Earth Magic
 + Level 2.0 Poison Magic
 + Level 2.6 Invocations
 + Level 2.4 Evocations


You had 9 spell levels left.
You knew the following spells:

 Your Spells              Type           Power        Failure   Level  Hunger
a - Magic Dart            Conj           ####         3%          1    None
b - Iskenderun's Mystic   Conj           #####...     34%         4    ####...
c - Dazzling Spray        Conj/Hex       ###...       32%         3    ##.....

Your spell library contained the following spells:

 Spells                   Type           Power        Failure   Level  Hunger
 Searing Ray              Conj           #####.       5%          2    None
 Force Lance              Conj/Tloc      ###.....     71%         4    ####...
 Fulminant Prism          Conj/Hex       ###.......   71%         4    ####...


Dungeon Overview and Level Annotations

Branches:
Dungeon (5/15)
 Temple: D:4-7

Altars:
Ashenzari
Makhleb
Nemelex Xobeh
Qazlal
Sif Muna
Vehumet

Annotations:
D:4 Ijyb
D:5 Dowan, Duvessa


Innate Abilities, Weirdness & Mutations

Your experience applies equally to all skills.
You have very sharp teeth.
Your uncanny sense of smell can sniff out nearby items.


Message History

Aiming: Dazzling Spray (safe; 32% risk of failure)
Press: ? - help, Shift-Dir - straight line, f/p - Ijyb
Aim: Ijyb, wielding a dagger, wearing a runed leather armour and carrying a The spray of energy misses Ijyb.
Ijyb hits you but does no damage.
There is a stone staircase leading up here.
Casting: Dazzling Spray (safe; 32% risk of failure)
Confirm with . or Enter, or press ? or * to list all spells.
Aiming: Dazzling Spray (safe; 32% risk of failure)
Press: ? - help, Shift-Dir - straight line, f/p - Ijyb
Aim: Ijyb, wielding a dagger, wearing a runed leather armour and carrying a You miscast Dazzling Spray.
You hear an indistinct dissonance whispering inside your mind.
Ijyb hits you but does no damage. Ijyb misses you.
You climb upwards.
There is a stone staircase leading down here.
Ijyb zaps a wand.
The bolt of acid hits you!
* * * LOW HITPOINT WARNING * * *
The acid corrodes you!
You are splashed with acid!
The acid burns!
You die...

..# #### ##.## ..# ###..# ##..#
..# ###....# #..##
..####......# ##...##
...##....>..# #.....#
#...........# ##.....##
####........#####.......# #
##....................#
#........#..g.@.......##
#........#...#.........########
#.......#......................
#.......#...#..................
#......##..##..................
##.....#...###.................
##...##..## #.............####
##.##...# ##......##.....###
####..## ##....####.....#.


You could see Ijyb.

Vanquished Creatures
  Edmund (D:4)
  2 scorpions
  A howler monkey (D:2)
  2 hounds
  Natasha (D:2)
  2 orc wizards
  A worker ant (D:4)
  A hound zombie (D:4)
  Robin (D:2)
  4 gnolls (D:3)
  An adder (D:3)
  An ooze (D:2)
  3 worms (D:2)
  A dart slug (D:2)
  2 leopard geckos
  2 orcs
  A ball python (D:1)
  7 bats
  4 giant cockroaches
  11 goblins
  14 hobgoblins
  4 jackals (D:1)
  2 quokkas (D:2)
  11 frilled lizards
  7 kobolds
  2 leopard gecko skeletons
  5 rats
94 creatures vanquished.

Notes
Turn   | Place    | Note
-------+----------+-------------------------------------------
     0 | D:1      | JedernureinKreuz the Gnoll Conjurer began the quest for the
                  | Orb.
     0 | D:1      | Reached XP level 1. HP: 13/13 MP: 6/6
   110 | D:1      | Reached XP level 2. HP: 19/19 MP: 3/7
   810 | D:1      | Reached XP level 3. HP: 22/25 MP: 6/9
   814 | D:1      | Reached skill level 5 in Spellcasting
   971 | D:2      | Noticed Robin
  1013 | D:2      | Killed Robin
  1013 | D:2      | Reached skill level 1 in Invocations
  1035 | D:2      | Reached skill level 1 in Fighting
  1035 | D:2      | Reached skill level 1 in Short Blades
  1035 | D:2      | Reached skill level 1 in Long Blades
  1035 | D:2      | Reached skill level 1 in Axes
  1035 | D:2      | Reached skill level 1 in Maces & Flails
  1035 | D:2      | Reached skill level 1 in Polearms
  1035 | D:2      | Reached skill level 1 in Staves
  1035 | D:2      | Reached skill level 1 in Slings
  1035 | D:2      | Reached skill level 1 in Bows
  1035 | D:2      | Reached skill level 1 in Crossbows
  1035 | D:2      | Reached skill level 1 in Throwing
  1035 | D:2      | Reached skill level 1 in Armour
  1035 | D:2      | Reached skill level 1 in Shields
  1035 | D:2      | Reached skill level 1 in Unarmed Combat
  1035 | D:2      | Reached skill level 1 in Evocations
  1050 | D:2      | Reached XP level 4. HP: 26/32 MP: 8/11
  1344 | D:2      | Found a shattered altar of Ashenzari.
  1426 | D:2      | Noticed Natasha
  1441 | D:2      | Killed Natasha
  1441 | D:2      | Reached skill level 1 in Hexes
  1441 | D:2      | Reached skill level 1 in Charms
  1441 | D:2      | Reached skill level 1 in Summonings
  1441 | D:2      | Reached skill level 1 in Necromancy
  1441 | D:2      | Reached skill level 1 in Translocations
  1441 | D:2      | Reached skill level 1 in Transmutations
  1441 | D:2      | Reached skill level 1 in Fire Magic
  1441 | D:2      | Reached skill level 1 in Ice Magic
  1441 | D:2      | Reached skill level 1 in Air Magic
  1441 | D:2      | Reached skill level 1 in Earth Magic
  1441 | D:2      | Reached skill level 1 in Poison Magic
  1825 | D:3      | Reached XP level 5. HP: 37/37 MP: 8/12
  1911 | D:3      | Found a faded altar of an unknown god.
  1988 | D:2      | Reached XP level 6. HP: 33/44 MP: 4/13
  2554 | D:3      | Found a radiant altar of Vehumet.
  2554 | D:3      | Found a stormy altar of Qazlal.
  2719 | D:3      | Learned a level 4 spell: Iskenderun's Mystic Blast
  2723 | D:3      | Learned a level 3 spell: Dazzling Spray
  2884 | D:4      | Reached skill level 5 in Dodging
  3093 | D:4      | Found a deep blue altar of Sif Muna.
  3101 | D:4      | Became a worshipper of Sif Muna the Loreminder
  3145 | D:4      | Noticed Edmund
  3191 | D:4      | Killed Edmund
  3191 | D:4      | Reached XP level 7. HP: 3/50 MP: 1/15
  3487 | D:4      | Found a sparkling altar of Nemelex Xobeh.
  3616 | D:4      | Found a burning altar of Makhleb.
  3663 | D:5      | Entered Level 5 of the Dungeon
  3739 | D:5      | Noticed Duvessa
  3744 | D:5      | Noticed Dowan
  4006 | D:5      | Noticed Ijyb
  4023 | D:4      | Splashed by Ijyb's acid

Skill      XL: |  1  2  3  4  5  6  7 |
---------------+----------------------+-----
Spellcasting   | 5 |  5.6
Invocations    | 1 2 |  2.6
Fighting       | 1 2 |  2.4
Short Blades   | 1 2 |  2.4
Long Blades    | 1 2 |  2.4
Axes           | 1 2 |  2.4
Maces & Flails | 1 2 |  2.4
Polearms       | 1 2 |  2.4
Staves         | 1 2 |  2.4
Slings         | 1 2 |  2.4
Bows           | 1 2 |  2.4
Crossbows      | 1 2 |  2.4
Throwing       | 1 2 |  2.4
Armour         | 1 2 |  2.4
Shields        | 1 2 |  2.4
Unarmed Combat | 1 2 |  2.4
Evocations     | 1 2 |  2.4
Hexes          | 1 2 |  2.0
Charms         | 1 2 |  2.0
Summonings     | 1 2 |  2.0
Necromancy     | 1 2 |  2.0
Translocations | 1 2 |  2.0
Transmutations | 1 2 |  2.0
Fire Magic     | 1 2 |  2.0
Ice Magic      | 1 2 |  2.0
Air Magic      | 1 2 |  2.0
Earth Magic    | 1 2 |  2.0
Poison Magic   | 1 2 |  2.0
Dodging        | 5 |  5.2
Stealth        | |  4.8
Conjurations   | |  7.4

Action                   |  1- 3 |  4- 6 |  7- 9 || total
-------------------------+-------+-------+-------++-------
Melee: Short sword       |    50 |    52 |     1 ||   103
       Club              |    11 |       |       ||    11
       Bite              |     1 |     5 |       ||     6
 Fire: Hunting sling     |       |    14 |     8 ||    22
Throw: Stone             |       |    67 |       ||    67
 Cast: Magic Dart        |    34 |    84 |    11 ||   129
       Dazzling Spray    |       |     5 |     4 ||     9
Evoke: Wand              |       |     3 |       ||     3
  Use: Scroll            |     1 |       |     7 ||     8
 Stab: Sleeping          |     4 |     1 |       ||     5
       Invisible         |       |     1 |       ||     1
  Eat: Chunk             |       |     4 |       ||     4
       Ration            |       |     1 |     1 ||     2
Armor: Leather armour    |     8 |    12 |     5 ||    25
Dodge: Dodged            |    37 |    33 |     7 ||    77
       Deflected         |       |     1 |       ||     1
Block: Shield            |     7 |    20 |     4 ||    31
